 Dungeon Crawl Stone Soup version 0.23.2-30-g0e89c35649 (webtiles) character file.

Game seed: 18257503939190728220

49088 doot the Stormcaller (level 14, -1/72 HPs)
             Began as a Tengu Air Elementalist on June 21, 2019.
             Was an Elder of Vehumet.
             Hit by a large rock thrown by a stone giant (34 damage)
             ... in a volcano.
             The game lasted 01:25:29 (23157 turns).

doot the Stormcaller (Tengu Air Elementalist)      Turns: 23157, Time: 01:25:29

Health: -1/72      AC: 15    Str: 10    XL:     14   Next: 49%
Magic:  37/42      EV: 16    Int: 19    God:    Vehumet [****..]
Gold:   1019       SH:  0    Dex: 13    Spells: 2/42 levels left

rFire    + + +     SeeInvis .   K - staff of energy
rCold    + . .     Gourm    .   (no shield)
rNeg     + . .     Faith    .   P - +1 leather armour "Pifilosso" {rF++ rC+ rN+ Slay-6}
rPois    .         Spirit   .   R - +1 hat
rElec    .         Reflect  .   M - +0 cloak
rCorr    .         Harm     .   o - +0 pair of gloves
MR       +....                  (boots unavailable)
Stlth    ++........             t - amulet of magic regeneration
HPRegen  0.22/turn              p - ring of Robustness {AC+8}
MPRegen  0.53/turn              H - ring of magical power

@: flying quickly and evasively, quick
A: beak, talons 3, clumsy 1, fire resistance 1, mutation resistance 1, able to
fly
a: Stop Flying, Renounce Religion


You were in a volcano.
You worshipped Vehumet.
Vehumet was greatly pleased with you.
You were hungry.

You visited 4 branches of the dungeon, and saw 21 of its levels.
You also visited: Ossuary, Ice Cave and Volcano.

You collected 1530 gold pieces.
You spent 511 gold pieces at shops.

Inventory:

Hand Weapons
 a - a +1 longbow of freezing
 C - the +5 dagger "Hellblazer" {drain, +Blink}
   (You bought it in a shop on level 6 of the Dungeon)

   A truly terrible weapon, it drains the life of those it strikes.
   It lets you blink.
 L - the +10 dark maul {crush}
   (You found it in an ice cave)

   It inflicts extra damage upon your enemies.
Armour
 o - a +0 pair of gloves (worn)
 M - a +0 cloak (worn)
 P - the +1 leather armour "Pifilosso" (worn) {rF++ rC+ rN+ Slay-6}
   (You took it off a wight on level 11 of the Dungeon)

   It affects your accuracy and damage with ranged weapons and melee attacks
   (-6).
   It greatly protects you from fire.
   It protects you from cold.
   It protects you from negative energy.
 R - a +1 hat (worn)
 T - +0 acid dragon scales
 Z - a +2 robe of the Archmagi
Magical Staves
 n - an uncursed staff of conjuration
 K - an uncursed staff of energy (weapon)
Jewellery
 k - an uncursed ring of stealth
 l - an uncursed ring of positive energy
 p - the ring of Robustness (left hand) {AC+8}
   (You found it on level 10 of the Dungeon)

   [ring of protection]

   It affects your AC (+8).
 r - a +3 ring of evasion
 t - an amulet of magic regeneration (around neck)
 A - an uncursed ring of positive energy
 H - a ring of magical power (right hand)
 V - a +5 amulet of reflection
 Y - an uncursed ring of protection from magic
Wands
 f - a wand of paralysis (7)
 F - a wand of acid (5)
 N - a wand of disintegration (17)
 O - a wand of flame (12)
Scrolls
 b - a scroll of random uselessness {unknown}
 d - 5 scrolls of immolation
 e - 8 scrolls of remove curse
 i - 3 scrolls of amnesia
 w - 3 scrolls of fog
 x - 2 scrolls of blinking {unknown}
 y - 5 scrolls of teleportation
 I - a scroll of vulnerability {unknown}
 Q - 3 scrolls of enchant armour
 S - 3 scrolls of brand weapon {unknown}
 U - 3 scrolls of enchant weapon
 X - a scroll of fear {unknown}
Potions
 g - 2 potions of resistance
 h - 6 potions of flight
 j - 2 potions of magic
 m - 4 potions of haste
 q - 5 potions of degeneration
 s - a potion of heal wounds
 u - 2 potions of cancellation
 v - 3 potions of curing
 z - a potion of brilliance {unknown}
 D - 6 potions of berserk rage
 E - a potion of might
 G - 4 potions of lignification
 J - a potion of invisibility {unknown}
Miscellaneous
 W - a crystal ball of energy
Comestibles
 c - 16 rations


   Skills:
 + Level 2.1 Fighting
 + Level 1.9 Short Blades
 + Level 3.5 Armour
 + Level 4.2 Dodging
 + Level 3.8 Stealth
 + Level 14.7 Spellcasting
 * Level 9.8 Conjurations
 + Level 1.3 Translocations
 + Level 0.8 Fire Magic
 + Level 6.1 Ice Magic
 + Level 17.7 Air Magic
 + Level 0.4 Earth Magic
 + Level 0.5 Poison Magic


You had 2 spell levels left.
You knew the following spells:

 Your Spells              Type           Power        Failure   Level  Hunger
a - Shock                 Conj/Air       ####         0%          1    None
b - Lightning Bolt        Conj/Air       ######....   1%          5    None
c - Static Discharge      Conj/Air       ######..     1%          3    None
d - Airstrike             Air            ######....   1%          4    None
e - Conjure Flame         Conj/Fire      ####....     1%          3    None
f - Mephitic Cloud        Conj/Pois/Air  #####...     1%          3    None
g - Blink                 Tloc           N/A          5%          2    None
h - Freezing Cloud        Conj/Ice/Air   ######....   2%          6    None
i - Iron Shot             Conj/Erth      ####......   28%         6    None
j - Orb of Destruction    Conj           ######....   22%         7    None

Your spell library contained the following spells:

 Spells                   Type           Power        Failure   Level  Hunger
 Freeze                   Ice            ####         1%          1    None
 Magic Dart               Conj           ####         1%          1    None
 Swiftness                Chrm/Air       #####...     1%          2    None
 Throw Frost              Conj/Ice       #####.       1%          2    None
 Confusing Touch          Hex            ##....       6%          1    None
 Corona                   Hex            ##.....      6%          1    None
 Call Imp                 Summ           ##......     9%          2    None
 Slow                     Hex            ##......     9%          2    None
 Throw Icicle             Conj/Ice       #####...     1%          4    None
 Inner Flame              Hex/Fire       ###.....     4%          3    None
 Ozocubu's Armour         Chrm/Ice       ####....     4%          3    None
 Gell's Gravitas          Tloc           ###.......   11%         3    None
 Portal Projectile        Hex/Tloc       ###...       14%         3    None
 Summon Ice Beast         Ice/Summ       ####....     17%         4    None
 Confuse                  Hex            ##......     19%         3    None
 Yara's Violent Unravell  Hex/Tmut       ##........   38%         5    None
 Metabolic Englaciation   Hex/Ice        ####......   43%         5    None
 Leda's Liquefaction      Hex/Erth       ##........   50%         4    None
 Petrify                  Tmut/Erth      ##......     50%         4    None
 Cause Fear               Hex            ##........   52%         4    None


Dungeon Overview and Level Annotations

Branches:
Dungeon (14/15)            Temple (1/1) D:4            Lair (4/6) D:8
 Shoals (0/4) Lair:3          Orc (2/2) D:12
  Snake: Lair:2-4    Spider: Lair:2-4       Elf: Orc:2       Vaults: D:13-14

Altars:
Ashenzari
Cheibriados
Dithmenos
Elyvilon
Fedhas
Gozag
Hepliaklqana
Kikubaaqudgha
Makhleb
Nemelex Xobeh
Okawaru
Qazlal
Ru
Sif Muna
Trog
Uskayaw
Vehumet
Wu Jian
Xom
Yredelemnul
Zin
The Shining One
Beogh

Shops:
D:6 (   D:9 *   D:10 !*

Annotations:
D:7 Joseph
Orc:1 2 transporters
Orc:2 Saint Roka


Innate Abilities, Weirdness & Mutations

You have a beak for a mouth.
You have claws for feet.
You can fly continuously.
You are clumsy. (Dex -2)
Your flesh is heat resistant. (rF+)
You are somewhat resistant to further mutation.


Message History

Casting: Orb of Destruction (very dangerous; 22% risk of failure)
Confirm with . or Enter, or press ? or * to list all spells.
Aiming: Freezing Cloud (safe; 2% risk of failure)
Press: ? - help, Dir - move target cursor
Okay, then.
The stone giant throws a large rock.
The large rock completely misses you.
Casting: Freezing Cloud (safe; 2% risk of failure)
Confirm with . or Enter, or press ? or * to list all spells.
Aiming: Freezing Cloud (safe; 2% risk of failure)
Press: ? - help, Dir - move target cursor, f - stone giant
Aim: a stone giant The stone giant is engulfed in freezing vapours.
The stone giant throws a large rock.
The large rock hits you!!!
Ouch! That really hurt!
The stone giant is engulfed in freezing vapours.
There is an open door here.
Unknown command.
The stone giant is engulfed in freezing vapours.
The stone giant throws a large rock.
The large rock hits you!!
You die...

§≈≈§§≈§≈§§≈§§≈≈§§≈≈§≈≈≈≈≈≈≈≈≈≈≈§≈
≈§§≈§≈≈≈§≈§§≈≈≈≈≈≈≈§.≈≈≈§≈≈§§≈≈§≈
§≈§§§≈≈≈..§.......§§......§§≈≈≈≈≈
≈≈§§§≈≈.#################.≈≈≈§≈≈≈
§§≈≈≈≈§.# +.....C§...#.≈≈§§≈§§
≈≈≈≈≈§≈§# #.8_8.#..∩.#.≈≈≈≈§≈§
§≈≈≈§§§.# #..((.# ...#.≈≈≈≈≈≈§
≈§≈§§≈≈.## ###'###++###..§≈≈≈§≈
§≈≈≈≈≈≈.#... #@#......#.≈≈≈≈≈≈≈
°≈≈§≈§≈.#### #.#.######§§§§≈≈≈.
°°○≈°°°.# #.# #§§≈≈≈..≈ ○°○°°≈≈.#
#.# #.≈≈..≈≈≈ ≈≈≈≈≈≈≈.# #.#
#..§§§§≈≈ ≈≈≈≈≈§≈.# #.# #.≈§≈≈≈≈≈
≈≈≈≈≈≈≈.########+########.≈§§§§≈≈
§≈≈≈≈≈≈≈.§§......§§......≈.≈≈≈≈§≈
§≈§§≈≈≈≈≈≈≈≈≈§§§§≈≈§≈≈≈§≈≈≈≈≈≈≈§≈


You could see a stone giant.

Vanquished Creatures
  A frost giant (IceCv)
  An orc warlord (D:12)
  3 hydras
  A centaur warrior (D:13)
  A tengu warrior (D:14)
  6 two-headed ogres
  4 unseen horrors
  An orc knight (Orc:1)
  3 ugly things
  2 oklob plants (Lair:2)
  2 manticores
  2 orc sorcerers
  3 cyclopes
  Maurice (D:9)
  A black mamba (Lair:3)
  2 molten gargoyles (Lair:3)
  3 gargoyles
  5 spiny frogs
  An ice statue (IceCv)
  Psyche (D:9)
  2 komodo dragons
  An efreet (Volcano)
  2 rime drakes
  2 trolls
  A hornet (D:10)
  13 polar bears
  12 blink frogs
  10 hippogriffs
  A shadow (D:12)
  2 wraiths
  A spriggan (D:8)
  29 yaks
  5 wyverns
  A hog (shapeshifter) (D:10)
  2 fire elementals (Volcano)
  4 hungry ghosts
  5 basilisks (Lair:3)
  2 fire bats (Volcano)
  4 vampire mosquitoes
  A soldier ant (D:11)
  A warg (Orc:1)
  2 acid dragons
  5 water moccasins
  5 porcupines
  2 ice beasts
  13 orc warriors
  5 sky beasts
  5 black bears
  A necrophage (D:8)
  9 wolves (IceCv)
  5 ogres
  6 phantoms
  4 centaurs
  A big kobold (D:12)
  12 crocodiles
  An earth elemental (Volcano)
  15 bullfrogs
  3 scorpions
  3 killer bees (D:7)
  9 wights
  4 howler monkeys
  8 crimson imps
  2 centaur zombies
  11 lava snakes
  2 bullfrog zombies (D:6)
  2 quasits
  A bullfrog skeleton (D:10)
  3 hounds
  14 orc priests
  2 jellies
  3 centaur skeletons
  4 iguanas
  5 hell rats (Lair:4)
  14 orc wizards
  13 worker ants
  5 big kobold zombies (Ossuary)
  A hound zombie (D:11)
  2 hound skeletons
  A mummy (Ossuary)
  A worker ant zombie (D:11)
  7 gnolls
  18 adders
  6 shadow imps
  7 oozes
  An adder zombie (D:5)
  2 adder skeletons (D:5)
  2 worms
  A dart slug (D:5)
  5 leopard geckos
  43 orcs
  8 giant cockroaches
  10 goblins
  3 hobgoblins
  11 jackals
  5 quokkas
  2 ball pythons (D:1)
  6 bats (D:1)
  5 bat simulacra (Ossuary)
  5 frilled lizards
  6 gnoll zombies (Ossuary)
  5 goblin simulacra (Ossuary)
  6 goblin zombies
  2 hobgoblin zombies (Ossuary)
  A jackal zombie (D:5)
  15 kobolds
  3 kobold simulacra (Ossuary)
  4 kobold zombies (Ossuary)
  7 orc zombies (Ossuary)
  A quokka zombie (D:8)
  9 rats
  4 rat simulacra (Ossuary)
  4 spectral goblins (Ossuary)
  5 spectral kobolds (Ossuary)
  3 spectral rats (Ossuary)
  2 fungi
  3 plants
576 creatures vanquished.

Vanquished Creatures (others)
  6 polar bears (IceCv)
  A human (D:13)
  2 wolves (IceCv)
  A big kobold zombie (Ossuary)
  8 fungi (Lair:2)
  4 plants (Lair:2)
22 creatures vanquished.

Grand Total: 598 creatures vanquished

Notes
Turn   | Place    | Note
-------+----------+-------------------------------------------
     0 | D:1      | doot the Tengu Air Elementalist began the quest for the
                  | Orb.
     0 | D:1      | Reached XP level 1. HP: 10/10 MP: 4/4
   391 | D:1      | Reached XP level 2. HP: 15/15 MP: 0/6
   800 | D:1      | Reached XP level 3. HP: 18/19 MP: 5/7
   859 | D:1      | Reached skill level 5 in Air Magic
  1277 | D:1      | Learned a level 3 spell: Static Discharge
  1459 | D:2      | Reached XP level 4. HP: 24/24 MP: 4/8
  2603 | D:3      | Gained mutation: You can fly continuously. [Tengu growth]
  2603 | D:3      | Reached XP level 5. HP: 28/28 MP: 4/9
  2610 | D:3      | Learned a level 4 spell: Airstrike
  2633 | D:3      | Gained mutation: You tend to lose your temper in combat.
                  | [potion of mutation]
  2633 | D:3      | Gained mutation: You evolve. [potion of mutation]
  3502 | D:4      | Reached XP level 6. HP: 32/33 MP: 1/12
  3604 | D:4      | Reached skill level 6 in Air Magic
  3669 | D:4      | Found a staircase to the Ecumenical Temple.
  3678 | Temple   | Entered the Ecumenical Temple
  3779 | Temple   | Gained mutation: You are clumsy. (Dex -2) [evolution]
  3837 | Temple   | Became a worshipper of Vehumet
  3847 | Temple   | Lost mutation: You tend to lose your temper in combat.
                  | [potion of mutation]
  3847 | Temple   | Lost mutation: You are clumsy. (Dex -2) [potion of
                  | mutation]
  3847 | Temple   | Lost mutation: You evolve. [potion of mutation]
  3847 | Temple   | Gained mutation: Your magical capacity is low. (-10% MP)
                  | [potion of mutation]
  3847 | Temple   | Gained mutation: You have a pair of small horns on your
                  | head. [potion of mutation]
  3847 | Temple   | Gained mutation: You have a pair of horns on your head.
                  | [potion of mutation]
  3848 | Temple   | Lost mutation: Your magical capacity is low. (-10% MP)
                  | [potion of mutation]
  3848 | Temple   | Lost mutation: You have a pair of horns on your head.
                  | [potion of mutation]
  3848 | Temple   | Lost mutation: You have a pair of small horns on your head.
                  | [potion of mutation]
  3848 | Temple   | Gained mutation: You are clumsy. (Dex -2) [potion of
                  | mutation]
  3848 | Temple   | Gained mutation: Your flesh is heat resistant. (rF+)
                  | [potion of mutation]
  3848 | Temple   | Gained mutation: You are somewhat resistant to further
                  | mutation. [potion of mutation]
  4197 | D:5      | Entered Level 5 of the Dungeon
  4282 | D:5      | Noticed a sky beast
  4309 | D:5      | Killed a sky beast
  4309 | D:5      | Reached XP level 7. HP: 32/37 MP: 2/14
  4461 | D:5      | Reached skill level 7 in Air Magic
  4676 | D:5      | Reached skill level 5 in Spellcasting
  4699 | D:4      | Reached * piety under Vehumet
  4699 | D:4      | Offered knowledge of Magic Dart by Vehumet.
  4824 | D:5      | Noticed a wyvern
  4840 | D:5      | Killed a wyvern
  4840 | D:5      | Reached XP level 8. HP: 42/42 MP: 0/17
  4914 | D:5      | Reached skill level 8 in Air Magic
  4934 | D:5      | Noticed a two-headed ogre
  5024 | D:5      | Killed a two-headed ogre
  5024 | D:5      | Reached skill level 1 in Fighting
  5024 | D:5      | Reached skill level 1 in Short Blades
  5024 | D:5      | Reached skill level 9 in Air Magic
  5024 | D:5      | Reached XP level 9. HP: 47/47 MP: 0/20
  5473 | D:6      | Learned a level 5 spell: Lightning Bolt
  5477 | D:6      | Learned a level 3 spell: Conjure Flame
  5481 | D:6      | Learned a level 3 spell: Mephitic Cloud
  5484 | D:6      | Learned a level 2 spell: Blink
  5716 | D:6      | Found Lomudd's Antique Weapon Shoppe.
  5719 | D:6      | Bought a dazzling dagger for 217 gold pieces
  5719 | D:6      | Identified the +5 dagger "Hellblazer" {drain, +Blink} (You
                  | bought it in a shop on level 6 of the Dungeon)
  6310 | D:7      | Reached skill level 10 in Air Magic
  6369 | D:7      | Offered knowledge of Flame Tongue by Vehumet.
  6463 | D:7      | Reached ** piety under Vehumet
  6488 | D:7      | Noticed Joseph
  7204 | D:8      | Reached XP level 10. HP: 52/52 MP: 16/24
  7215 | D:8      | Noticed a two-headed ogre
  7261 | D:8      | Killed a two-headed ogre
  7261 | D:8      | Reached skill level 11 in Air Magic
  7297 | D:8      | Noticed a two-headed ogre
  7348 | D:8      | Killed a two-headed ogre
  7348 | D:8      | Reached skill level 10 in Spellcasting
  7414 | D:8      | Found a sand-covered staircase.
  7421 | D:8      | Offered knowledge of Throw Flame by Vehumet.
  7434 | Ossuary  | Entered an ossuary
  7509 | Ossuary  | Reached *** piety under Vehumet
  7656 | Ossuary  | Offered knowledge of Force Lance by Vehumet.
  7719 | Ossuary  | Reached **** piety under Vehumet
  7844 | Ossuary  | Offered knowledge of Ignite Poison by Vehumet.
  8152 | D:8      | Found a staircase to the Lair.
  8156 | D:8      | Reached skill level 12 in Air Magic
  8421 | D:8      | Found a snail-covered altar of Cheibriados.
  8451 | D:8      | Noticed a two-headed ogre
  8480 | D:8      | Killed a two-headed ogre
  8655 | D:8      | Noticed a two-headed ogre
  8667 | D:8      | Killed a two-headed ogre
  8667 | D:8      | Reached skill level 13 in Air Magic
  8667 | D:8      | Reached XP level 11. HP: 56/56 MP: 3/27
  9022 | D:9      | Noticed Maurice
  9031 | D:9      | Killed Maurice
  9086 | D:9      | Noticed Psyche
  9089 | D:9      | Killed Psyche
  9089 | D:9      | Reached skill level 5 in Conjurations
  9163 | D:9      | Found Ziroicvu's Lightly-Used Armoury.
  9207 | D:9      | Found a hazy altar of Hepliaklqana.
  9211 | D:9      | Found a snail-covered altar of Cheibriados.
  9213 | D:9      | Found a glowing silver altar of Zin.
  9213 | D:9      | Found an ancient bone altar of Kikubaaqudgha.
  9214 | D:9      | Found a deep blue altar of Sif Muna.
  9252 | D:9      | Found a sacrificial altar of Ru.
  9443 | D:9      | Found a sparkling altar of Nemelex Xobeh.
  9653 | D:10     | Entered Level 10 of the Dungeon
  9699 | D:10     | You are sucked into a shaft!
  9743 | D:11     | Noticed a cyan ugly thing
  9767 | D:11     | Killed a cyan ugly thing
  9896 | D:11     | Identified the +1 leather armour "Pifilosso" {rF++ rC+ rN+
                  | Slay-6}
  9933 | D:11     | Reached ***** piety under Vehumet
  9933 | D:11     | Offered knowledge of Freezing Cloud by Vehumet.
  9941 | D:11     | Learned a level 6 spell: Freezing Cloud
 10302 | D:11     | Noticed a manticore
 10306 | D:11     | Killed a manticore
 10306 | D:11     | Reached skill level 14 in Air Magic
 10581 | D:11     | Reached skill level 1 in Armour
 10582 | D:11     | Killed an unseen horror
 10587 | D:11     | Killed an unseen horror
 10587 | D:11     | Reached skill level 1 in Ice Magic
 11043 | D:11     | Found a roughly hewn altar of Beogh.
 11289 | D:12     | Noticed a red ugly thing
 11295 | D:12     | Killed a red ugly thing
 11433 | D:12     | Reached XP level 12. HP: 42/61 MP: 29/29
 11969 | D:12     | Noticed a seven-headed hydra
 11971 | D:12     | You are sucked into a shaft for 2 floors!
 11973 | D:14     | Noticed a centaur warrior
 12134 | D:14     | Noticed a tengu warrior
 12149 | D:14     | Killed a tengu warrior
 12154 | D:14     | Reached skill level 15 in Air Magic
 12412 | D:13     | Noticed a centaur warrior
 12419 | D:13     | Killed a centaur warrior
 12981 | D:12     | Noticed a two-headed ogre
 12990 | D:12     | Killed a two-headed ogre
 13057 | D:12     | Found a staircase to the Orcish Mines.
 13063 | D:12     | Found a roughly hewn altar of Beogh.
 13403 | D:12     | Killed a seven-headed hydra
 13481 | Orc:1    | Entered Level 1 of the Orcish Mines
 13500 | Orc:1    | Noticed an orc warlord
 13798 | D:10     | Offered knowledge of Fulminant Prism by Vehumet.
 13809 | D:10     | Reached skill level 16 in Air Magic
 14199 | D:10     | Found Gynnesirr's Distillery.
 14379 | D:10     | Found the ring of Robustness {AC+8}
 14610 | D:10     | Reached XP level 13. HP: 54/66 MP: 23/31
 14646 | D:10     | Bought a potion of heal wounds for 70 gold pieces
 14646 | D:10     | Bought a potion of curing for 42 gold pieces
 14646 | D:10     | Bought a potion of haste for 140 gold pieces
 14646 | D:10     | Bought a potion of curing for 42 gold pieces
 15121 | D:10     | Found Yskostri's General Store.
 15312 | D:12     | Killed an orc warlord
 15312 | D:12     | Reached skill level 5 in Ice Magic
 15624 | Orc:1    | Noticed an orc warlord
 16550 | Orc:2    | Entered Level 2 of the Orcish Mines
 16592 | Orc:1    | Found a transporter.
 16597 | Orc:1    | Found a roughly hewn altar of Beogh.
 16597 | Orc:1    | Found a transporter.
 16681 | Orc:2    | Noticed Saint Roka
 16864 | Lair:1   | Entered Level 1 of the Lair of Beasts
 16986 | Lair:1   | Found a frozen archway.
 16994 | IceCv    | Entered an ice cave
 17319 | IceCv    | Offered knowledge of Iron Shot by Vehumet.
 17330 | IceCv    | Learned a level 6 spell: Iron Shot
 18740 | IceCv    | Noticed a frost giant
 18752 | IceCv    | Killed a frost giant
 18752 | IceCv    | Reached skill level 17 in Air Magic
 19015 | IceCv    | Found the +10 dark maul {crush}
 20444 | Lair:2   | Reached XP level 14. HP: 72/72 MP: 33/33
 21379 | Lair:3   | Offered knowledge of Orb of Destruction by Vehumet.
 21388 | Lair:3   | Learned a level 7 spell: Orb of Destruction
 21618 | Lair:3   | Reached skill level 1 in Translocations
 21980 | Lair:3   | Found a staircase to the Shoals.
 22817 | Lair:4   | Found a dark tunnel.
 22826 | Volcano  | Entered a volcano
 23111 | Volcano  | Found a radiant altar of Vehumet.
 23152 | Volcano  | Noticed a stone giant
 23157 | Volcano  | Hit by a large rock thrown by a stone giant

Skill      XL: |  1  2  3  4  5  6  7  8  9 10 11 12 13 14 |
---------------+-------------------------------------------+-----
Air Magic      | 5 6 7 9 10 13 14 16 17 | 17.7
Dodging        | 3 4 |  4.2
Conjurations   | 2 3 4 5 6 8 9 |  9.8
Spellcasting   | 3 4 5 7 9 11 12 13 14 | 14.7
Fighting       | 1 2 |  2.1
Short Blades   | 1 |  1.9
Stealth        | 3 |  3.8
Armour         | 1 2 3 |  3.5
Ice Magic      | 2 4 5 6 |  6.1
Translocations | 1 |  1.3
Fire Magic     | |  0.8
Earth Magic    | |  0.4
Poison Magic   | |  0.5

Action                   |  1- 3 |  4- 6 |  7- 9 | 10-12 | 13-15 || total
-------------------------+-------+-------+-------+-------+-------++-------
Melee: Dagger            |    20 |    41 |    54 |    26 |       ||   141
       Kick              |     5 |     7 |     6 |     9 |     1 ||    28
       Peck              |     3 |     5 |     8 |     7 |     1 ||    24
       Staff             |       |       |       |     5 |     2 ||     7
 Cast: Shock             |    58 |    86 |    23 |    89 |    15 ||   271
       Static Discharge  |       |     2 |     2 |     1 |    14 ||    19
       Airstrike         |       |    22 |    99 |   238 |   113 ||   472
       Lightning Bolt    |       |       |     6 |    46 |    73 ||   125
       Conjure Flame     |       |       |       |     8 |     8 ||    16
       Mephitic Cloud    |       |       |       |     7 |     5 ||    12
       Blink             |       |       |       |     2 |    12 ||    14
       Freezing Cloud    |       |       |       |    30 |    86 ||   116
       Iron Shot         |       |       |       |       |    14 ||    14
       Orb of Destructio |       |       |       |       |     3 ||     3
 Abil: Fly               |       |     1 |       |       |       ||     1
Evoke: Wand              |       |       |       |       |     1 ||     1
  Use: Scroll            |       |     8 |     5 |     6 |     7 ||    26
       Potion            |       |     3 |       |     3 |     3 ||     9
 Stab: Sleeping          |       |     1 |       |       |       ||     1
  Eat: Chunk             |     2 |    14 |    19 |    21 |    29 ||    85
       Ration            |       |       |     1 |     5 |     5 ||    11
Armor: Robe              |     9 |    10 |    17 |    12 |    19 ||    67
       Leather armour    |       |       |       |    33 |    18 ||    51
Dodge: Dodged            |    32 |    50 |    89 |    80 |    82 ||   333
